[Event "Titled Tuesday Blitz June 27 Late 2023"]
[White "Zhigalko, Sergei"]
[Black "Terry, Renato"]
[WhiteFideId "13502956"]
[BlackFideId "3803457"]
[WhiteElo "2896"]
[BlackElo "3007"]
[Result "1-0"]
[Round "10"]
[TimeControl "180+2"]
[Date "2023.06.27"]
[WhiteClock "0:00:02"]
[BlackClock "0:00:00"]
[Board "9"]

1. e4 c6 2. d4 d5 3. e5 c5 4. Nf3 cxd4 5. Qxd4 Nc6 6. Qf4 e6 7. Bd3 Nb4 8. O-O Nxd3 9. cxd3 Ne7 10. Nc3 Nf5 11. Nb5 Bd7 12. Nbd4 Nxd4 13. Nxd4 Be7 14. Qg3 Kf8 15. Be3 h5 16. Rac1 g6 17. Nf3 h4 18. Qg4 Rh5 19. Bc5 h3 20. g3 Bb5 21. Rfd1 Kg7 22. Qb4 Bxc5 23. Rxc5 Bc6 24. Qc3 Qc7 25. b4 a6 26. a4 Qd7 27. Nd4 Bxa4 28. Rc7 Qe8 29. Rc1 Kg8 30. Rxb7 Rxe5 31. Qc7 Rh5 32. Re1 e5 33. f4 e4 34. dxe4 dxe4 35. Rxe4 Qf8 36. Re7 Rc8 37. Rxf7 Rxc7 38. Rxf8+ Kxf8 39. Rxc7 Rd5 40. Ne6+ Ke8 41. Ng7+ Kf8 42. Ne6+ Ke8 43. Ng5 Bd7 44. Rc2 Rd4 45. Rb2 Bg4 46. Kf2 Rd1 47. Ne4 Ke7 48. Ke3 Ke6 49. Nf2 Re1+ 50. Kd4 Kf5 51. b5 1-0


[Site "https://www.chess.com"]

[Event "Titled Tuesday Blitz June 27 Late 2023"]
[White "Rustemov, Alexander"]
[Black "Salem, A.R. Saleh"]
[WhiteFideId "4119002"]
[BlackFideId "9301348"]
[WhiteElo "2891"]
[BlackElo "2999"]
[Result "1/2-1/2"]
[Round "10"]
[TimeControl "180+2"]
[Date "2023.06.27"]
[WhiteClock "0:00:41"]
[BlackClock "0:00:23"]
[Board "10"]

1. d4 Nf6 2. c4 g6 3. Nf3 Bg7 4. g3 O-O 5. Bg2 d6 6. Nc3 Nbd7 7. O-O e5 8. e4 exd4 9. Nxd4 Re8 10. h3 Nc5 11. Re1 a5 12. f3 c6 13. Be3 a4 14. Qd2 Qa5 15. Rab1 Nfd7 16. f4 Nb6 17. b3 axb3 18. axb3 Qb4 19. e5 Bf5 20. Nxf5 gxf5 21. Qxd6 Bf8 22. Qd2 Ra3 23. Nd5 Nxd5 24. cxd5 Qxd2 25. Bxd2 cxd5 26. Be3 Ne4 27. g4 fxg4 28. hxg4 Rc8 29. Rec1 Rxc1+ 30. Bxc1 Bc5+ 31. Kh2 Ra6 32. f5 Bd4 33. Bf4 Bxe5 34. Bxe5 Rh6+ 35. Bh3 Ng5 36. Bf4 Rxh3+ 37. Kg2 Rh4 38. Kg3 Rh3+ 39. Kg2 Rh4 1/2-1/2


[Site "https://www.chess.com"]

[Event "Titled Tuesday Blitz June 27 Late 2023"]
[White "De La Villa Garcia, Jesus Maria"]
[Black "Korobov, Anton"]
[WhiteFideId "2200040"]
[BlackFideId "14105730"]
[WhiteElo "2690"]
[BlackElo "2990"]
[Result "1-0"]
[Round "10"]
[TimeControl "180+2"]
[Date "2023.06.27"]
[WhiteClock "0:00:11"]
[BlackClock "0:00:13"]
[Board "11"]

1. c4 e6 2. g3 d5 3. Bg2 Nf6 4. Nf3 d4 5. O-O c5 6. d3 Nc6 7. e3 Bd6 8. exd4 cxd4 9. Nbd2 O-O 10. Nb3 e5 11. Bg5 h6 12. Bxf6 Qxf6 13. Nfd2 Qd8 14. a3 f5 15. c5 Bc7 16. Nc4 Be6 17. Nbd2 a5 18. Qa4 Bd7 19. Qb3 a4 20. Qxb7 Rf6 21. Nd6 Rb8 22. Qa6 Bxd6 23. cxd6 Rxd6 24. Qxa4 Kh7 25. Qc2 e4 26. dxe4 d3 27. Qc5 Be8 28. exf5 Nd4 29. Nc4 Rf6 30. Rad1 Rc8 31. Qd5 Ne2+ 32. Kh1 Qc7 33. Rxd3 Qxc4 34. Qxc4 Rxc4 35. Re3 Bb5 36. Rxe2 Rd4 37. Ree1 Bxf1 38. Rxf1 Rxf5 39. Kg1 Re5 40. Bf3 Rc5 41. Re1 Rc2 42. Be4+ Rxe4 43. Rxe4 Rxb2 44. Ra4 Ra2 45. Kg2 g5 46. h4 Kg6 47. Ra6+ Kh5 48. Ra5 Kg4 49. hxg5 hxg5 50. Ra8 Kh5 51. a4 g4 52. a5 Kh6 53. a6 Kh7 54. Kf1 Kg7 55. a7 Kh7 56. Ke1 Kg7 57. Kd1 Kh7 58. Kc1 Kg7 59. Kb1 Kh7 60. Kxa2 1-0


[Site "https://www.chess.com"]

[Event "Titled Tuesday Blitz June 27 Late 2023"]
[White "Carlsen, Magnus"]
[Black "Mikaelyan, Arman"]
[WhiteFideId "1503014"]
[BlackFideId "13304852"]
[WhiteElo "3267"]
[BlackElo "2903"]
[Result "1-0"]
[Round "10"]
[TimeControl "180+2"]
[Date "2023.06.27"]
[WhiteClock "0:02:32"]
[BlackClock "0:00:07"]
[Board "12"]

1. e4 c5 2. Nf3 Nc6 3. Bb5 e6 4. O-O Nge7 5. Re1 Ng6 6. c3 d5 7. h4 dxe4 8. Rxe4 Bd6 9. h5 Ne7 10. d4 a6 11. Ba4 b5 12. dxc5 Bxc5 13. Qxd8+ Nxd8 14. Bc2 Bb7 15. Rg4 Bxf3 16. gxf3 Nf5 17. a4 bxa4 18. Rgxa4 O-O 19. Rxa6 Rc8 20. Nd2 Nc6 21. Nc4 Nce7 22. R1a4 Nd5 23. Bxf5 exf5 24. Kg2 Rfe8 25. Nd6 Bxd6 26. Rxd6 Rc5 27. Rd4 Nc7 28. Rd8 Kf8 29. Bf4 Nb5 30. R4d5 Rxd8 31. Rxc5 Na7 32. b4 Nc8 33. b5 1-0


[Site "https://www.chess.com"]

[Event "Titled Tuesday Blitz June 27 Late 2023"]
[White "Andreikin, Dmitry"]
[Black "Bazeev, German"]
[WhiteFideId "4158814"]
[BlackFideId "24119350"]
[WhiteElo "3012"]
[BlackElo "2812"]
[Result "1-0"]
[Round "10"]
[TimeControl "180+2"]
[Date "2023.06.27"]
[WhiteClock "0:02:11"]
[BlackClock "0:01:42"]
[Board "13"]

1. e4 c5 2. Nc3 Nc6 3. Bb5 g6 4. Bxc6 dxc6 5. d3 Bg7 6. Be3 c4 7. dxc4 Bxc3+ 8. bxc3 Qxd1+ 9. Rxd1 Be6 10. Rb1 b6 11. c5 b5 12. a4 a6 13. Ne2 Nf6 14. f3 Bc4 15. Nd4 Kd7 16. Kf2 e5 17. Nb3 Kc7 18. Na5 Nd7 19. Rhd1 Rad8 20. Bg5 f6 21. Rd6 1-0


[Site "https://www.chess.com"]

[Event "Titled Tuesday Blitz June 27 Late 2023"]
[White "Haydon, David L"]
[Black "Sanal, Vahap"]
[WhiteFideId "415405"]
[BlackFideId "6300545"]
[WhiteElo "2819"]
[BlackElo "2970"]
[Result "1-0"]
[Round "10"]
[TimeControl "180+2"]
[Date "2023.06.27"]
[WhiteClock "0:00:59"]
[BlackClock "0:00:00"]
[Board "14"]

1. d4 d6 2. Nf3 c5 3. c3 Nf6 4. g3 Nc6 5. Bg2 cxd4 6. cxd4 d5 7. O-O Bf5 8. Nc3 e6 9. Ne5 Bd6 10. Bf4 O-O 11. Nxc6 bxc6 12. Bxd6 Qxd6 13. Na4 Rab8 14. Rc1 Rfc8 15. b3 Nd7 16. Qd2 h6 17. Nc5 Nxc5 18. Rxc5 e5 19. e3 e4 20. Rfc1 Bd7 21. b4 Rf8 22. a3 f5 23. Ra5 Rb7 24. Qc3 g5 25. Qc5 Qe6 26. Rxa7 Rxa7 27. Qxa7 f4 28. Qc7 f3 29. Bf1 Rc8 30. Qb7 h5 31. b5 h4 32. bxc6 Bxc6 33. Qb6 hxg3 34. hxg3 Kg7 35. a4 Qh6 36. Qa7+ Kg8 37. Qe7 Re8 38. Qc5 Bb7 39. Qb5 Re7 40. a5 Qh5 41. Qb6 Kf7 42. Rc7 Ba8 43. Rxe7+ Kxe7 44. Qa7+ 1-0


[Site "https://www.chess.com"]

[Event "Titled Tuesday Blitz June 27 Late 2023"]
[White "Sjugirov, Sanan"]
[Black "Fernandez, Daniel"]
[WhiteFideId "4189302"]
[BlackFideId "2015390"]
[WhiteElo "2942"]
[BlackElo "2749"]
[Result "1-0"]
[Round "10"]
[TimeControl "180+2"]
[Date "2023.06.27"]
[WhiteClock "0:00:08"]
[BlackClock "0:00:00"]
[Board "15"]

1. d4 Nf6 2. c4 e6 3. Nc3 Bb4 4. e3 b6 5. Ne2 Bb7 6. a3 Be7 7. Ng3 h5 8. h3 h4 9. Nge2 d5 10. Nf4 dxc4 11. Bxc4 g5 12. Nd3 Nbd7 13. f3 c5 14. dxc5 Nxc5 15. Nxc5 Qxd1+ 16. Kxd1 Bxc5 17. e4 Nh5 18. Bxg5 Rg8 19. Bxh4 Rxg2 20. Kc1 Be7 21. Bf1 Rg8 22. Bxe7 Kxe7 23. Kc2 Nf4 24. Rh2 Rg3 25. Rf2 Nxh3 26. Bxh3 Rxh3 27. Rg1 Rah8 28. Kd3 Rh2 29. Rgg2 Rxg2 30. Rxg2 Kf6 31. Ke3 Bc6 32. Ne2 e5 33. Nc3 Ke6 34. Rc2 a5 35. Ne2 Bb5 36. Nc3 Bc6 37. b4 axb4 38. axb4 Ra8 39. Kd3 Ra3 40. Kc4 Kd6 41. Rh2 Ra1 42. Rh6+ Kc7 43. Nb5+ Bxb5+ 44. Kxb5 Rf1 45. Rf6 Kd7 46. Rxf7+ Ke6 47. Rf8 Rb1 48. Rb8 Rb3 49. Rxb6+ Ke7 50. Kc4 Rxf3 51. Kd5 Kd7 52. Kxe5 Kc7 53. Rd6 Rb3 54. Rd4 Rb1 55. Ke6 1-0


[Site "https://www.chess.com"]

[Event "Titled Tuesday Blitz June 27 Late 2023"]
[White "Leitao, Rafael"]
[Black "Chigaev, Maksim"]
[WhiteFideId "2101246"]
[BlackFideId "4108116"]
[WhiteElo "2802"]
[BlackElo "2912"]
[Result "0-1"]
[Round "10"]
[TimeControl "180+2"]
[Date "2023.06.27"]
[WhiteClock "0:00:12"]
[BlackClock "0:01:40"]
[Board "16"]

1. c4 e5 2. Nc3 Nf6 3. Nf3 e4 4. Ng5 c6 5. Ngxe4 Nxe4 6. Nxe4 d5 7. cxd5 cxd5 8. Ng3 h5 9. e3 h4 10. Ne2 Nc6 11. d4 Qf6 12. Nc3 Qg6 13. Bd2 Bd6 14. a3 Bf5 15. h3 O-O 16. Be2 Rfe8 17. Bh5 Qxg2 18. Bf3 Qg6 19. Qa4 Bc2 20. b3 a6 0-1


[Site "https://www.chess.com"]

[Event "Titled Tuesday Blitz June 27 Late 2023"]
[White "Goltsev, Dmitry"]
[Black "Ter-Sahakyan, Samvel"]
[WhiteFideId "24176710"]
[BlackFideId "13302531"]
[WhiteElo "2711"]
[BlackElo "2887"]
[Result "0-1"]
[Round "10"]
[TimeControl "180+2"]
[Date "2023.06.27"]
[WhiteClock "0:00:00"]
[BlackClock "0:00:10"]
[Board "17"]

1. e4 g6 2. d4 Bg7 3. c3 d6 4. Nf3 Nf6 5. Qc2 O-O 6. Bd3 Nc6 7. Bg5 e5 8. dxe5 Nxe5 9. Nxe5 dxe5 10. Nd2 h6 11. Bh4 g5 12. Bg3 Nh5 13. O-O-O Qe7 14. Nc4 Nf4 15. Bxf4 exf4 16. e5 b5 17. Be4 Rb8 18. Na5 Bd7 19. Bf5 Be8 20. Rhe1 Rb6 21. Rd5 b4 22. c4 c6 23. Rd6 c5 24. Rd5 Ra6 25. Nb3 Rxa2 26. e6 Kh8 27. Re2 Rxb2 28. Qxb2 Bxb2+ 29. Kxb2 Qf6+ 30. Ka2 Ba4 31. e7 Re8 32. Nxc5 b3+ 33. Ka3 Bc6 34. Nd7 Qa1+ 0-1


[Site "https://www.chess.com"]

[Event "Titled Tuesday Blitz June 27 Late 2023"]
[White "Hambleton, Aman"]
[Black "Holt, Conrad"]
[WhiteFideId "2606577"]
[BlackFideId "2034387"]
[WhiteElo "2708"]
[BlackElo "2876"]
[Result "0-1"]
[Round "10"]
[TimeControl "180+2"]
[Date "2023.06.27"]
[WhiteClock "0:00:02"]
[BlackClock "0:00:19"]
[Board "18"]

1. d4 d5 2. Bf4 c5 3. e3 Nc6 4. c3 Nf6 5. Nd2 Bf5 6. Qb3 Qc8 7. Ngf3 e6 8. Be2 Be7 9. O-O O-O 10. Nh4 Ne4 11. Nxe4 Bxe4 12. Nf3 c4 13. Qd1 b5 14. Nd2 Bg6 15. Bf3 Rd8 16. Bg3 b4 17. Qa4 a5 18. Nxc4 Nxd4 19. cxd4 dxc4 20. Bxa8 Qxa8 21. Rac1 h5 22. Bc7 Rc8 23. Qxa5 Qc6 24. Bf4 Ra8 25. Qc7 Qxc7 26. Bxc7 Bd3 27. Rfd1 Rxa2 28. Rd2 b3 29. d5 exd5 30. Be5 Bb4 31. Rdd1 f6 32. Bd4 Be2 33. h4 Bxd1 34. Rxd1 Kf7 35. Kh2 Ke6 36. Kg3 Bd6+ 37. Kf3 Be5 38. Rd2 Bxd4 39. exd4 Kd6 40. Ke3 g6 41. f3 Ra1 42. g4 Rh1 43. gxh5 gxh5 44. Rg2 Rxh4 45. Rg8 Rh2 46. Rd8+ Ke6 47. Re8+ Kd7 48. Rf8 Rxb2 49. Rxf6 Rc2 50. Rb6 Kc7 51. Rb5 Kc6 52. Rc5+ Kd6 53. Rb5 b2 54. f4 c3 55. f5 Rc1 56. Rb6+ Kc7 57. f6 Kxb6 58. f7 b1=Q 59. f8=Q Re1+ 60. Kf2 Rf1+ 61. Ke2 Qe1+ 62. Kd3 Qd2# 0-1


[Site "https://www.chess.com"]

[Event "Titled Tuesday Blitz June 27 Late 2023"]
[White "Ibarra Jerez, Jose Carlos"]
[Black "Mirzoev, Azer"]
[WhiteFideId "2226332"]
[BlackFideId "13400304"]
[WhiteElo "2876"]
[BlackElo "2689"]
[Result "1-0"]
[Round "10"]
[TimeControl "180+2"]
[Date "2023.06.27"]
[WhiteClock "0:00:51"]
[BlackClock "0:00:28"]
[Board "19"]

1. e4 c6 2. Nf3 d5 3. d3 Nf6 4. Qe2 Bg4 5. Nbd2 e6 6. h3 Bh5 7. g4 Bg6 8. Ne5 Nbd7 9. Nxg6 hxg6 10. e5 Ng8 11. f4 Qh4+ 12. Kd1 Bc5 13. Nf3 Qd8 14. d4 Bb6 15. c3 Ne7 16. Qd3 c5 17. Be3 Qc7 18. Rc1 Nc6 19. f5 gxf5 20. gxf5 O-O-O 21. Ng5 Rdf8 22. fxe6 Ndb8 23. exf7 Rh4 24. Be2 cxd4 25. cxd4 Rxf7 26. Nxf7 Qxf7 27. Bg4+ Kc7 28. Rf1 Qe7 29. Qf5 Ba5 30. Qf7 Kb6 31. Qxe7 Nxe7 32. Bg5 1-0


[Site "https://www.chess.com"]

[Event "Titled Tuesday Blitz June 27 Late 2023"]
[White "Korchmar, Vasiliy"]
[Black "Hansen, Eric"]
[WhiteFideId "24131750"]
[BlackFideId "2606771"]
[WhiteElo "2707"]
[BlackElo "2871"]
[Result "1/2-1/2"]
[Round "10"]
[TimeControl "180+2"]
[Date "2023.06.27"]
[WhiteClock "0:00:02"]
[BlackClock "0:00:09"]
[Board "20"]

1. e4 c5 2. d4 cxd4 3. Qxd4 Nc6 4. Qd3 Nf6 5. Nc3 e6 6. Bf4 d5 7. exd5 Nxd5 8. Nxd5 Qxd5 9. Qxd5 exd5 10. O-O-O Be6 11. Nf3 h6 12. Nd4 Nxd4 13. Rxd4 Bc5 14. Rd2 Ke7 15. Bb5 Rhd8 16. Ba4 d4 17. Re1 Bb4 18. Rxe6+ fxe6 19. Re2 d3 20. cxd3 Rac8+ 21. Kb1 Rxd3 22. Bb3 Rc6 23. Be5 Rd2 24. Re4 Rxf2 25. a3 Bd2 26. g4 g5 27. Ka2 Bf4 28. Bd4 Rxh2 29. Bd5 a5 30. Bxc6 bxc6 31. Bc3 Kd6 32. Bxa5 Kd5 33. Re1 Be5 34. Rxe5+ Kd6 35. Re4 Kd5 36. Re5+ Kd6 37. Re3 c5 38. Bc3 Rg2 39. Re4 Kd5 40. Re5+ Kd6 41. Re4 Kd5 42. Ra4 e5 43. Ra6 Rxg4 44. Rxh6 Rh4 45. Rg6 Rg4 46. Kb3 Rg2 47. a4 Rg1 48. a5 g4 49. a6 Ra1 50. Rxg4 Rxa6 51. Rg5 Re6 52. Kc2 Ke4 53. Rg4+ Kf3 54. Rc4 e4 55. Rxc5 e3 56. Rf5+ Ke4 57. Rh5 Kf3 58. Rh3+ Kf2 59. Rh2+ Kf1 60. Rh1+ Kf2 61. Re1 e2 62. Kd2 Rd6+ 63. Kc2 Rc6 64. Kd2 Rd6+ 65. Kc1 Rc6 66. Kd2 Rd6+ 1/2-1/2


[Site "https://www.chess.com"]

[Event "Titled Tuesday Blitz June 27 Late 2023"]
[White "Krzyzanowski, Marcin"]
[Black "Papp, Levente"]
[WhiteFideId "1132199"]
[BlackFideId "751243"]
[WhiteElo "2843"]
[BlackElo "2679"]
[Result "0-1"]
[Round "10"]
[TimeControl "180+2"]
[Date "2023.06.27"]
[WhiteClock "0:00:02"]
[BlackClock "0:00:12"]
[Board "21"]

1. Nf3 Nf6 2. g3 b6 3. Bg2 Bb7 4. O-O g6 5. c4 c5 6. Nc3 Bg7 7. d4 cxd4 8. Qxd4 O-O 9. Rd1 Na6 10. Qh4 Rc8 11. Bh6 Bxh6 12. Qxh6 Bxf3 13. exf3 Nb4 14. b3 d6 15. Rd2 a6 16. a4 Qc7 17. Rad1 Qc5 18. h4 Qe5 19. Qe3 Qxe3 20. fxe3 Nd7 21. Bh3 f5 22. e4 Nc5 23. exf5 gxf5 24. Re2 Rf7 25. Nd5 Nxd5 26. Rxd5 Rcf8 27. g4 Nxb3 28. gxf5 Nc5 29. Ra2 Rg7+ 30. Kf2 a5 31. Bg4 Kf7 32. Ke3 Rh8 33. h5 Kf6 34. Ra1 Rhg8 35. Rdd1 Rxg4 36. fxg4 Rxg4 37. Rdb1 Nd7 38. Rg1 Rxc4 39. Rg8 Rc3+ 40. Kd2 Rh3 41. Rd8 Ne5 42. Rc1 Rxh5 43. Rb8 Rh2+ 44. Ke3 Rb2 45. Rf8+ Kg7 46. Rb8 Kf6 47. Rf8+ Kg7 48. Re8 Rb3+ 49. Kd4 Kf7 50. Rh8 Rb4+ 51. Kd5 Kg7 52. Rb8 Kf6 53. Rf8+ Kg7 54. Rb8 Rxa4 55. Rg1+ Kf7 56. Rh8 Rh4 57. Rgg8 Nd7 58. Rd8 Nf6+ 59. Kc6 a4 60. Ra8 Rc4+ 61. Kb5 Rc5+ 62. Kxb6 Rxf5 63. Rxa4 h5 64. Rc4 d5 65. Rcc8 d4 66. Rcd8 e5 67. Rhf8+ Kg6 68. Rd6 Kg5 69. Rf7 h4 70. Rg7+ Kf4 71. Kc6 Ne4 72. Rh6 Ke3 73. Rxh4 d3 74. Rgg4 Nf6 75. Rg3+ Rf3 76. Rxf3+ Kxf3 77. Rh6 Ng4 78. Rh3+ Ke2 79. Rg3 d2 80. Rxg4 d1=Q 81. Re4+ Kf3 82. Rxe5 Kf4 83. Rd5 Qa4+ 84. Kc5 Ke4 85. Rd6 Qa3+ 86. Kc6 Ke5 87. Rd5+ Ke6 88. Rc5 Qa6+ 89. Kc7 Qd6+ 90. Kb7 Qxc5 0-1


[Site "https://www.chess.com"]

[Event "Titled Tuesday Blitz June 27 Late 2023"]
[White "Stoleriu, George"]
[Black "Harshavardhan G B"]
[WhiteFideId "1227505"]
[BlackFideId "25059009"]
[WhiteElo "2681"]
[BlackElo "2815"]
[Result "0-1"]
[Round "10"]
[TimeControl "180+2"]
[Date "2023.06.27"]
[WhiteClock "0:00:00"]
[BlackClock "0:00:21"]
[Board "22"]

1. e4 e5 2. Nf3 Nc6 3. Bb5 a6 4. Ba4 d6 5. c3 f5 6. exf5 Bxf5 7. O-O Bd3 8. Re1 Be7 9. Re3 e4 10. Nd4 Qd7 11. Nxc6 bxc6 12. Bc2 Bxc2 13. Qxc2 d5 14. d3 Nf6 15. Nd2 Bc5 16. Re2 O-O 17. dxe4 Ng4 18. Nf3 dxe4 19. Nd4 Qd6 20. g3 Rae8 21. Be3 Qg6 22. Rd1 Ne5 23. Kh1 Bxd4 24. Bxd4 Nf3 25. h4 Qg4 26. Kg2 Nxh4+ 27. Kh2 Nf3+ 28. Kg2 Nh4+ 29. Kh2 Rf5 30. Rh1 Rh5 31. Qb3+ Re6 32. Qb8+ Kf7 33. Qxc7+ Re7 34. Qf4+ Nf5+ 35. Kg1 Qxe2 36. Rxh5 Qxh5 37. g4 Qg6 38. Kf1 e3 39. gxf5 e2+ 40. Ke1 Qg1+ 0-1


[Site "https://www.chess.com"]

[Event "Titled Tuesday Blitz June 27 Late 2023"]
[White "Ashraf, Artin"]
[Black "Ohanyan, Emin"]
[WhiteFideId "22514805"]
[BlackFideId "13312022"]
[WhiteElo "2660"]
[BlackElo "2793"]
[Result "0-1"]
[Round "10"]
[TimeControl "180+2"]
[Date "2023.06.27"]
[WhiteClock "0:00:00"]
[BlackClock "0:00:02"]
[Board "23"]

1. e4 e5 2. Nf3 Nc6 3. Bb5 f5 4. d4 fxe4 5. Bxc6 bxc6 6. Nxe5 Nf6 7. Bg5 Be7 8. Nc3 O-O 9. O-O Qe8 10. Bxf6 gxf6 11. Ng4 f5 12. Ne3 d5 13. f4 Kh8 14. Ne2 Rb8 15. b3 Be6 16. Rc1 Ba3 17. Rb1 Qf7 18. Qd2 Bb4 19. c3 Be7 20. Rbc1 Rfd8 21. c4 Bb4 22. Qb2 Bd6 23. Rc2 Qg7 24. Rfc1 dxc4 25. Nxc4 Bxc4 26. Rxc4 Rg8 27. g3 h5 28. Rxc6 h4 29. Kg2 Kh7 30. Qc3 Qg4 31. Qe3 Rg7 32. d5 Rbg8 33. Kf2 Qh3 34. Ke1 Qxh2 35. gxh4 Rg3 36. Qd4 Rd3 37. Rxc7+ Kg6 0-1


[Site "https://www.chess.com"]

[Event "Titled Tuesday Blitz June 27 Late 2023"]
[White "Vdovin, Vadim"]
[Black "Tristan, Leonardo"]
[WhiteFideId "24107158"]
[BlackFideId "113816"]
[WhiteElo "2625"]
[BlackElo "2776"]
[Result "1-0"]
[Round "10"]
[TimeControl "180+2"]
[Date "2023.06.27"]
[WhiteClock "0:00:15"]
[BlackClock "0:00:31"]
[Board "24"]

1. e4 d5 2. exd5 Qxd5 3. Nc3 Qa5 4. d4 Nf6 5. Nf3 Bf5 6. Ne5 c6 7. Bf4 e6 8. g4 Bg6 9. h4 Bb4 10. h5 Be4 11. Rh3 Nbd7 12. Nxd7 Nxd7 13. Bd2 Bxc3 14. Rxc3 Qc7 15. Re3 Bh1 16. Rh3 Be4 17. f3 Bd5 18. c4 O-O-O 19. cxd5 exd5 20. Bd3 Qb6 21. Bc3 Rde8+ 22. Kf2 Ne5 23. Bf5+ Kb8 24. Qb3 Nc4 25. Qxb6 axb6 26. Bd3 b5 27. b3 Nd6 28. Rhh1 h6 29. Rhe1 Kc7 30. a4 bxa4 31. bxa4 Nc4 32. Bxc4 dxc4 33. a5 f6 34. a6 b6 35. Rxe8 Rxe8 36. Re1 Ra8 37. Re7+ Kd6 38. Rxg7 Rxa6 39. Rg6 Ra2+ 40. Ke3 Ra3 41. Kd2 Ra2+ 42. Kc1 c5 43. Rxf6+ Kd5 44. Rf5+ Kc6 45. dxc5 b5 46. Rf6+ Kd5 47. Bb4 Ra1+ 48. Kb2 Rf1 49. Rd6+ Ke5 50. c6 Rf2+ 51. Kc1 Rf1+ 52. Kc2 Rf2+ 53. Rd2 Rxf3 54. c7 Rb3 55. c8=Q Rxb4 56. Qc7+ Kf6 57. Qd6+ Kg5 58. Qxb4 c3 59. Kxc3 Kh4 60. g5+ Kxg5 61. Rg2+ Kf6 62. Qf4+ Ke6 63. Re2+ Kd5 64. Re5+ Kd6 65. Qf6+ Kd7 66. Re7+ Kd8 67. Qf8# 1-0


[Site "https://www.chess.com"]

[Event "Titled Tuesday Blitz June 27 Late 2023"]
[White "Ballester Llagaria, Luis Eduardo"]
[Black "Santos Ruiz, Miguel"]
[WhiteFideId "2297620"]
[BlackFideId "22291482"]
[WhiteElo "2613"]
[BlackElo "2774"]
[Result "1-0"]
[Round "10"]
[TimeControl "180+2"]
[Date "2023.06.27"]
[WhiteClock "0:00:06"]
[BlackClock "0:00:02"]
[Board "25"]

1. e4 c6 2. Nc3 d5 3. Nf3 dxe4 4. Nxe4 Nf6 5. Qe2 Na6 6. Nxf6+ gxf6 7. d4 Bf5 8. c3 Nc7 9. g3 e6 10. Bg2 Be7 11. Nh4 Bg6 12. O-O f5 13. Nxg6 hxg6 14. a4 a5 15. Bd2 Bf6 16. Bf4 Kf8 17. Be5 Kg7 18. Rfe1 Nd5 19. Rad1 Qe7 20. c4 Nb4 21. b3 Rad8 22. Rd2 Rd7 23. Red1 Rhd8 24. Qe3 Bxe5 25. Qxe5+ Qf6 26. Qe3 g5 27. h3 Na6 28. d5 exd5 29. cxd5 Nb4 30. dxc6 Rxd2 31. Rxd2 Rxd2 32. Qxd2 bxc6 33. Kh2 f4 34. Qd7 Qe5 35. Qd8 Nc2 36. Qd2 Nd4 37. Qd3 Ne2 38. Bxc6 Nd4 39. Be4 f5 40. Bg2 fxg3+ 41. fxg3 f4 42. Qc3 fxg3+ 43. Qxg3 Qf6 44. h4 Ne6 45. hxg5 Nxg5 46. Qc7+ Kh6 47. Qxa5 Qf4+ 48. Kg1 Qe3+ 49. Kh1 Qc1+ 50. Kh2 Qf4+ 51. Kg1 Qe3+ 52. Kh1 Qe1+ 53. Qxe1 1-0


[Site "https://www.chess.com"]

[Event "Titled Tuesday Blitz June 27 Late 2023"]
[White "Manukyan, Artyom"]
[Black "Morefield, Jason"]
[WhiteFideId "13305786"]
[BlackFideId "30920825"]
[WhiteElo "2593"]
[BlackElo "2771"]
[Result "0-1"]
[Round "10"]
[TimeControl "180+2"]
[Date "2023.06.27"]
[WhiteClock "0:00:00"]
[BlackClock "0:00:29"]
[Board "26"]

1. e4 d6 2. d4 Nf6 3. Nc3 g6 4. f4 Bg7 5. Nf3 c5 6. dxc5 Qa5 7. Bd3 Qxc5 8. Qe2 O-O 9. Be3 Qa5 10. O-O Bg4 11. h3 Bxf3 12. Qxf3 Nc6 13. a3 Rfc8 14. Rae1 a6 15. g4 b5 16. g5 Nd7 17. Qg4 e6 18. Bd2 b4 19. axb4 Nxb4 20. Nd5 exd5 21. Qxd7 Qc5+ 22. Be3 Bd4 23. Bxd4 Qxd4+ 24. Kh1 Nxd3 25. cxd3 Qxd3 26. e5 Rc2 27. Qg4 Qd2 28. Qg3 dxe5 29. fxe5 Re8 30. Rd1 Qe2 31. Rde1 Qc4 32. Qf3 d4 33. Qf6 Qd5+ 34. Rf3 Rf2 0-1


[Site "https://www.chess.com"]

[Event "Titled Tuesday Blitz June 27 Late 2023"]
[White "Troff, Kayden"]
[Black "Osmak, Yuliia"]
[WhiteFideId "2047896"]
[BlackFideId "14101602"]
[WhiteElo "2737"]
[BlackElo "2538"]
[Result "1-0"]
[Round "10"]
[TimeControl "180+2"]
[Date "2023.06.27"]
[WhiteClock "0:00:12"]
[BlackClock "0:00:00"]
[Board "27"]

1. d4 d5 2. Nf3 Nf6 3. Bf4 e6 4. e3 Bd6 5. Ne5 O-O 6. Nd2 Nfd7 7. Bd3 Nxe5 8. dxe5 Be7 9. O-O c5 10. c3 Nc6 11. Bg3 b6 12. e4 d4 13. Nc4 dxc3 14. bxc3 Ba6 15. Nd6 Bxd3 16. Qxd3 Qc7 17. Rad1 Rad8 18. f4 f6 19. Qc4 Bxd6 20. Qxe6+ Qf7 21. Rxd6 Qxe6 22. Rxe6 Na5 23. exf6 Rxf6 24. Re5 Rf7 25. f5 Nc4 26. Re6 Ne3 27. Re1 Nc2 28. Re2 Na3 29. Bh4 Rd1+ 30. Kf2 h6 31. g4 Nc4 32. e5 Rd3 33. Re8+ Kh7 34. e6 Rb7 35. e7 Nd6 36. Rd8 1-0


[Site "https://www.chess.com"]

[Event "Titled Tuesday Blitz June 27 Late 2023"]
[White "David, Bogdan-Emanuel"]
[Black "Fernandez Guillen, Ernesto J."]
[WhiteFideId "1229907"]
[BlackFideId "3512428"]
[WhiteElo "2580"]
[BlackElo "2717"]
[Result "0-1"]
[Round "10"]
[TimeControl "180+2"]
[Date "2023.06.27"]
[WhiteClock "0:00:00"]
[BlackClock "0:00:16"]
[Board "28"]

1. e4 e5 2. Nc3 Nc6 3. Bc4 d6 4. d3 h6 5. f4 exf4 6. Bxf4 g5 7. Be3 Bg7 8. Qd2 Nge7 9. Nge2 f5 10. Bxg5 hxg5 11. Qxg5 Kf8 12. O-O d5 13. Bb3 Qd6 14. exf5 Bh6 15. Qg3 Qxg3 16. Nxg3 Be3+ 17. Kh1 Bd7 18. Nxd5 Nxd5 19. Bxd5 Re8 20. Ne4 Re5 21. Nf6 Ke7 22. Nxd7 Kxd7 23. Be4 Bg5 24. Rae1 Bf6 25. g3 Nd8 26. c3 c6 27. d4 Re7 28. Kg2 Nf7 29. Bd3 Rhe8 30. Rxe7+ Rxe7 31. h4 Nh6 32. Kf3 Rg7 33. Re1 Be7 34. Re6 Ng8 35. g4 Bxh4 36. Bc4 Nf6 37. Re2 Bg5 38. Be6+ Kd6 39. Rh2 Rh7 40. Rxh7 Nxh7 41. c4 Nf6 42. b3 b6 43. Bf7 c5 44. dxc5+ bxc5 45. Be6 Ke5 46. Bf7 a5 47. a3 Kd4 48. b4 cxb4 49. axb4 axb4 50. Ke2 Kc5 51. Kd1 Nxg4 52. Kc2 Ne5 53. Be6 Nxc4 54. Kb3 Na5+ 55. Ka4 Nc6 56. Bg8 Nd4 57. f6 Bxf6 58. Bf7 Bg5 59. Bg8 Bd2 60. Bf7 Bc3 61. Bg8 Bb2 62. Bf7 Ba3 63. Bg8 Ne2 0-1


[Site "https://www.chess.com"]

[Event "Titled Tuesday Blitz June 27 Late 2023"]
[White "Hoffmann, Asa"]
[Black "Gokerkan, Cem Kaan"]
[WhiteFideId "2001470"]
[BlackFideId "6336760"]
[WhiteElo "2466"]
[BlackElo "2715"]
[Result "0-1"]
[Round "10"]
[TimeControl "180+2"]
[Date "2023.06.27"]
[WhiteClock "0:01:01"]
[BlackClock "0:00:27"]
[Board "29"]

1. d4 Nf6 2. Bg5 d5 3. Nd2 h6 4. Bh4 g5 5. Bg3 c5 6. e3 Nc6 7. c3 Bf5 8. Ngf3 e6 9. Bb5 a6 10. Bxc6+ bxc6 11. Ne5 Qb6 12. O-O Be7 13. b3 a5 14. f3 cxd4 15. exd4 c5 16. Bf2 Qc7 17. Rc1 O-O 18. Bg3 Qb6 19. Bf2 Rac8 20. Re1 a4 21. h4 Rfd8 22. hxg5 hxg5 23. Be3 Nd7 24. Ng4 Kg7 25. Qe2 Rh8 26. Kf2 Bxg4 27. fxg4 Nf6 28. Bxg5 cxd4 29. Kg3 Rxc3+ 30. Nf3 Ne4+ 31. Qxe4 dxe4 32. Bxe7 Qc7+ 33. Kf2 Rxf3+ 34. gxf3 Qh2+ 0-1


[Site "https://www.chess.com"]